 Dungeon Crawl Stone Soup version 0.30-a0-218-gedb9141078 (webtiles) character file.

Game seed: 7035378289990059853

427 lunkers the Cleaver (level 7, -4/57 HPs)
             Began as a Meteoran Fighter on Oct 6, 2022.
             Was an Initiate of Ashenzari.
             Slain by a gnoll
             ... wielding a +0 halberd
              (9 damage)
             ... on level 5 of the Dungeon.
             The game lasted 00:03:35 (1386 turns).

lunkers the Cleaver (Meteoran Fighter)              Turns: 1386, Time: 00:03:35

Health: -4/57      AC: 18    Str: 21    XL:     7   Next: 42%
Magic:  8/8        EV:  3    Int:  9    God:    Ashenzari [......]
Gold:   80         SH:  0    Dex: 13    Spells: 6/6 levels left

rFire   . . .      SeeInvis +    s - +0 flail (protect)
rCold   . . .      Faith    .    c - +0 buckler
rNeg    . . .      Spirit   .    k - +0 plate armour
rPois   .          Reflect  +    (no helmet)
rElec   .          Harm     .    (no cloak)
rCorr   .          Rampage  .    (no gloves)
Will    .....                    (no boots)
Stlth   ..........               o - amulet of reflection
HPRegen 0.29/turn                u - ring of see invisible
MPRegen 0.11/turn                (no ring)

@: mighty, weakened, under a protective aura, held, glowing
A: sense surroundings 1, otherworldly, glowing, explore regen
a: Renounce Religion


You were on level 5 of the Dungeon.
You worshipped Ashenzari.
Ashenzari was noncommittal.
You visited 1 branch of the dungeon, and saw 5 of its levels.

You collected 80 gold pieces.

Inventory:

Hand Weapons
 a - a +0 war axe
 s - a +0 flail of protection (weapon)
Missiles
 p - 2 throwing nets
 t - 21 stones
Armour
 b - a +0 scale mail
 c - a +0 buckler (worn)
 f - a +0 tower shield
 k - a +0 plate armour (worn)
 w - a +2 leather armour of fire resistance
Jewellery
 o - an amulet of reflection (around neck)
 u - a ring of see invisible (left hand)
 y - a +4 ring of evasion
Wands
 n - a wand of charming (2)
 v - a wand of iceblast (13)
Scrolls
 e - 2 scrolls of teleportation {unknown}
 g - a scroll of blinking {unknown}
 h - 2 scrolls of vulnerability {unknown}
 i - 2 scrolls of silence {unknown}
 l - a scroll of noise {unknown}
 q - a scroll of identify {unknown}
 r - a scroll of fog {unknown}
 x - a scroll of enchant armour {unknown}
Potions
 j - a potion of brilliance {unknown}
 m - a potion of lignification {unknown}


   Skills:
 - Level 3.2 Fighting
 + Level 8.7 Axes
 - Level 3.6 Armour
 - Level 3.6 Shields


You had 6 spell levels left.
You didn't know any spells.
Your spell library contained the following spells:

 Spells                   Type           Power      Damage    Failure   Level
 Hailstorm                Conj/Ice       0%         3d3       100%        3
 Ice Form                 Ice/Tmut       0%         N/A       100%        4
 Simulacrum               Ice/Necr       0%         N/A       100%        6


Dungeon Overview and Level Annotations

Branches:
Dungeon (5/15) Zot: 1555
 Temple: D:4-7

Altars:
Ashenzari

Annotations:
D:4 1 transporter


Innate Abilities, Weirdness & Mutations

You passively map a small area around you.
You are easily found by Zot.
You glow in the dark.
You regain HP and MP as you explore.


Message History

The gnoll is no longer moving quickly.
The gnoll hits you but does no damage. You block the gnoll bouda's attack.
You sock the gnoll bouda!
The gnoll bouda is heavily wounded.
The gnoll barely misses you.
The gnoll bouda barks out a call to the hunt!
The gnoll picks up the pace!
You block the gnoll's attack.
You hit the gnoll bouda.
The gnoll bouda is heavily wounded.
The gnoll is no longer moving quickly.
The gnoll bouda hits you with a +4 whip!
* * * LOW HITPOINT WARNING * * *
The gnoll hits you but does no damage.
You hit the gnoll bouda but do no damage.
The gnoll bouda is heavily wounded.
The gnoll bouda hits you with a +4 whip.
* * * LOW HITPOINT WARNING * * *
You block the gnoll's attack.
You feel very mighty all of a sudden.
The gnoll bouda barks out a call to the hunt!
The gnoll picks up the pace!
The gnoll hits you but does no damage.
Unknown command.
You hit the gnoll bouda.
The gnoll bouda is severely wounded.
The gnoll bouda hits you with a +4 whip.
* * * LOW HITPOINT WARNING * * *
You block the gnoll's attack.
The gnoll bouda gazes fiercely through you!
You feel your attacks grow feeble.
The gnoll bouda hits you with a +4 whip.
* * * LOW HITPOINT WARNING * * *
You sock the gnoll bouda!
You kill the gnoll bouda!
The gnoll throws a throwing net.
The throwing net hits you.
You become entangled in the net!
You struggle against the net.
The gnoll hits you from afar with a +0 halberd!
You die...

* #.....## ... ,.,
#.#.#.# * .. .##
#.....## ..>
..#########.#.#..#
# .
#.##.............#
##.#.
#.##.#######.....#
##....##.##.##<#
##..###
gg.......##.##.#
##.# * * #..g@.##.#
#.# , , ##g#####.#
#.# , *###....>#.#
#.# , *
##.#g.##.#.######.#
* ,*##..#)..#
#........# *
#...'...#
########## * *
#....#..<#
#.....#.###
,#....##.....#


You could see 2 gnolls.

Vanquished Creatures
  Prince Ribbit (D:5)
  A hound (D:4)
  A gnoll bouda (D:5)
  Ijyb (D:4)
  An adder (D:3)
  9 gnolls
  3 worms
  2 dart slugs (D:4)
  7 orcs
  3 endoplasms
  3 giant cockroaches
  5 goblins
  5 hobgoblins
  3 ball pythons
  4 bats
  A kobold (D:4)
50 creatures vanquished.

Vanquished Creatures (others)
  5 plants (D:4)
5 creatures vanquished.

Grand Total: 55 creatures vanquished

Notes
Turn   | Place    | Note
-------+----------+-------------------------------------------
     0 | D:1      | lunkers the Meteoran Fighter began the quest for the Orb.
     0 | D:1      | Reached XP level 1. HP: 19/19 MP: 2/2
   181 | D:1      | Reached skill level 3 in Axes
   181 | D:1      | Reached XP level 2. HP: 18/26 MP: 3/3
   399 | D:1      | Reached XP level 3. HP: 27/31 MP: 4/4
   494 | D:2      | Reached skill level 4 in Axes
   844 | D:3      | Reached XP level 4. HP: 19/38 MP: 5/5
   984 | D:4      | Reached skill level 5 in Axes
  1083 | D:4      | Found a transporter.
  1112 | D:4      | Found a broken altar of Ashenzari.
  1116 | D:4      | Reached XP level 5. HP: 45/45 MP: 6/6
  1165 | D:4      | Became a worshipper of Ashenzari the Shackled
  1213 | D:4      | Noticed Ijyb
  1234 | D:4      | Killed Ijyb
  1235 | D:4      | Reached skill level 6 in Axes
  1265 | D:5      | Entered Level 5 of the Dungeon
  1294 | D:4      | Reached XP level 6. HP: 25/51 MP: 7/7
  1353 | D:5      | Noticed Prince Ribbit
  1357 | D:5      | Reached skill level 7 in Axes
  1359 | D:5      | Killed Prince Ribbit
  1360 | D:5      | Reached skill level 8 in Axes
  1360 | D:5      | Reached XP level 7. HP: 57/57 MP: 8/8
  1386 | D:5      | Slain by a gnoll

Illustrated notes

Levels and vault maps discovered:
D:1:      lemuel_arrival_cross, layout_basic, minmay_pentomino_v2
D:2:      layout_basic, serial_shops, nicolae_square_shop,
          ebering_ecumenical_altar_sacrificial
D:3:      layout_basic
D:4:      layout_loops_corners, ashenzari_conservatory_becter,
          gammafunk_ghost_gnarly_gnolls, serial_shops, shop, uniq_ijyb,
          uniq_pikel, uniq_natasha
D:5:      layout_basic, minmay_temple_entry_grid, serial_glass, glass_columns_c,
          glass_columns_a, glass_columns_c, glass_columns_b, serial_shops, shop,
          cheibrodos_sewer_entry_sluice, minmay_quadrilaterals,
          uniq_prince_ribbit1

Skill      XL: |  1  2  3  4  5  6 |
---------------+-------------------+-----
Axes           | 3 4 5 6 8 |  8.7
Fighting       | |  3.2
Armour         | |  3.6
Shields        | |  3.6

Action                   |  1- 3 |  4- 6 |  7- 9 || total
-------------------------+-------+-------+-------++-------
Melee: War axe           |    62 |       |       ||    62
       Flail             |    18 |   102 |    20 ||   140
Throw: Stone             |    10 |       |       ||    10
Evoke: Wand              |       |     2 |       ||     2
  Use: Potion            |       |       |     1 ||     1
Armor: Scale mail        |    10 |       |       ||    10
       Plate armour      |    46 |    76 |    11 ||   133
Dodge: Dodged            |    27 |    19 |     8 ||    54
Block: Buckler           |    48 |    60 |    21 ||   129

Table legend: (Time is in decaauts)
 A = Elapsed time spent in this place.
 B = Non-inter-level travel time spent in this place.
 C = Inter-level travel time spent in this place.
 D = Time resting spent in this place.
 E = Time spent auto-exploring this place.
 F = Levels seen in this place.
 G = Mean time per level.
                   A        B        C        D        E       F      G
               +--------+--------+--------+--------+--------+-----+--------+
         Total |   1443 |   1344 |     99 |      0 |    734 |   5 |  288.6 |
       Dungeon |   1443 |   1344 |     99 |      0 |    734 |   5 |  288.6 |
               +--------+--------+--------+--------+--------+-----+--------+

Top non-repeatable levels by time:
     D:4: 424 daAuts
     D:2: 353 daAuts
     D:1: 315 daAuts
     D:3: 255 daAuts
     D:5: 95 daAuts
